 Dungeon Crawl Stone Soup version 0.17.2-1-ge4368a0 (webtiles) character file.

86 Goblin1989 the Insei (level 4, 14/35 HPs)
             Began as a Demonspawn Monk on Oct 25, 2016.
             Quit the game on level 4 of the Dungeon.
             The game lasted 00:03:54 (1455 turns).

Goblin1989 the Insei (Demonspawn Monk)              Turns: 1455, Time: 00:03:54

Health: 14/35      AC:  9    Str: 12    XL:     4   Next: 26%
Magic:  4/4        EV: 11    Int: 12    God:
Gold:   57         SH:  0    Dex: 15    Spells: 0 memorised, 3 levels left

rFire  . . .     SeeInvis .       - Unarmed
rCold  . . .     Clarity  .     c - +0 ring mail
rNeg   . . .     SustAt   .     (no shield)
rPois  .         Gourm    .     (no helmet)
rElec  .         Spirit   .     (no cloak)
rCorr  .         Warding  .     (no gloves)
rMut   .         Stasis   .     (no boots)
MR     .....                    (no amulet)
Stlth  +.........               (no ring)
                                (no ring)

@: not resistant to hostile enchantments, very unstealthy
A: hooves 1, iridescent scales 1
a: no special abilities


You were on level 4 of the Dungeon.
You were hungry.

You visited 1 branch of the dungeon, and saw 4 of its levels.

You collected 57 gold pieces.

Inventory:

Armour
 c - a +0 ring mail (worn)
Scrolls
 R - 3 scrolls of identify {@r1}
Potions
 f - a potion of curing {@q1}
 h - a potion of brilliance {unknown}
 k - 2 potions of degeneration {unknown}
Comestibles
 b - a bread ration {@e1}
 g - a meat ration {@e2}
 l - a chunk of flesh {@w0}


   Skills:
 - Level 3.0 Fighting
 - Level 2.6 Dodging
 - Level 1.7 Stealth
 + Level 5.3 Unarmed Combat


You had 3 spell levels left.
You didn't know any spells.

Dungeon Overview and Level Annotations

Branches:
Dungeon (4/15)
 Temple: D:4-7

Altars:
Yredelemnul


Innate Abilities, Weirdness & Mutations

You have large cloven feet.
You are partially covered in iridescent scales (AC +4).


Message History

The scorpion misses you.
You closely miss the scorpion.
The scorpion is moderately wounded.
The scorpion barely misses you.
You punch the scorpion! Your punch misses the scorpion.
The scorpion is severely wounded.
The scorpion stings you but does no damage.
You hit the scorpion.
The scorpion is almost dead.
The scorpion stings you.
You take 3 damage, and have 12/29 hp.
You hit the scorpion.
You kill the scorpion!
Your Unarmed Combat skill increases to level 5!
You have reached level 4!
You feel clever.
Your demonic ancestry asserts itself...
Your feet thicken and deform.
You regained 2 hp, and now have 14/35 hp.
MP restored: 4 Are you sure you want to abandon this character and quit the game? (Confirm with "yes".) ███ █ ██@█

. ██†█..███
██.███.....
█.........█
█..█.█..█...
█.█...[.....
█.██........
█. █.█.███
█. .█.█


There were no monsters in sight!

Vanquished Creatures
  A scorpion (D:4)
  An adder skeleton (D:2)
  A worm (D:2)
  3 giant geckos
  2 orcs
  A ball python (D:1)
  5 bats
  2 giant cockroaches
  3 goblins (D:1)
  3 hobgoblins (D:1)
  A giant newt (D:1)
  3 kobolds (D:1)
  3 rats
29 creatures vanquished.

Vanquished Creatures (others)
  2 plants (D:2)
2 creatures vanquished.

Grand Total: 31 creatures vanquished

Notes
Turn   | Place    | Note
--------------------------------------------------------------
     0 | D:1      | Goblin1989 the Demonspawn Monk began the quest for the Orb.
     0 | D:1      | Reached XP level 1. HP: 18/18 MP: 1/1
   305 | D:1      | Reached skill level 4 in Unarmed Combat
   307 | D:1      | Gained mutation: You are partially covered in iridescent scales (AC +4). [demonic ancestry]
   307 | D:1      | Reached XP level 2. HP: 10/24 MP: 2/2
  1238 | D:2      | Reached XP level 3. HP: 29/29 MP: 3/3
  1377 | D:3      | Found a basalt altar of Yredelemnul.
  1438 | D:4      | Noticed a scorpion
  1454 | D:4      | Killed a scorpion
  1454 | D:4      | Reached skill level 5 in Unarmed Combat
  1454 | D:4      | Gained mutation: You have large cloven feet. [demonic ancestry]
  1454 | D:4      | Reached XP level 4. HP: 14/35 MP: 4/4
  1455 | D:4      | Quit the game

Action                   |  1- 3 |  4- 6 || total
-------------------------+-------+-------++-------
Melee: Unarmed           |   123 |       ||   123
  Use: Scroll            |     5 |       ||     5
       Potion            |     1 |       ||     1
 Stab: Sleeping          |     4 |       ||     4
  Eat: Chunk             |     1 |       ||     1

Vault maps used:
D:1:      shiori_shiawase, hangedman_abyss_or_decor_lesser_grid
D:2:      serial_undead, serial_undead_c, serial_undead_e, serial_undead_a,
          serial_undead_b, serial_undead_f, serial_undead_b,
          serial_bayou_ford_a, grunt_ministairs_1, minivault_19,
          nicolae_gozag_seed_capital
D:3:      lemuel_crystal_altar, tso_altar
D:4:      enter_ossuary_4, first_bread, elyvilon_altar_4, uniq_eustachio
